 Dungeon Crawl Stone Soup version 0.29.1-14-g9c671dbff4 (webtiles) character file.

Game seed: 8873679726069444315

118 leafyfresh the Covert (level 5, 0/47 HPs)
             Began as a Gnoll Delver on Feb 13, 2023.
             Slain by Blork the orc
             ... wielding a +0 long sword
              (3 damage)
             ... on level 4 of the Dungeon.
             The game lasted 00:02:08 (617 turns).

leafyfresh the Covert (Gnoll Delver)                 Turns: 617, Time: 00:02:09

Health: 0/47       AC:  5    Str: 11    XL:     5   Next: 2%
Magic:  5/7        EV: 13    Int:  9    God:
Gold:   17         SH:  0    Dex: 16    Spells: 6/6 levels left

rFire   . . .      SeeInvis .   k - +0 arbalest
rCold   . . .      Faith    .   (shield currently unavailable)
rNeg    . . .      Spirit   .   b - +0 leather armour
rPois   .          Reflect  .   (no helmet)
rElec   .          Harm     .   (no cloak)
rCorr   .          Rampage  .   j - +1 Delatra's gloves {ID++}
Will    .....                   (no boots)
Stlth   ++++......              (no amulet)
HPRegen 0.15/turn               (no ring)
MPRegen 0.10/turn               (no ring)

@: no status effects
A: fangs 1, strong nose, distributed training
a: no special abilities


You were on level 4 of the Dungeon.
You visited 1 branch of the dungeon, and saw 2 of its levels.

You collected 17 gold pieces.

Inventory:

Hand Weapons
 a - a +0 spear
 k - a +0 arbalest (weapon)
Armour
 b - a +0 leather armour (worn)
 j - the +1 Delatra's gloves (worn) {ID++}
   (You found it on level 4 of the Dungeon)

   It heals its wearer when they drink unknown potions.
   It restores its wearer's MP when they read unknown scrolls.
Wands
 g - a wand of digging (3)
Scrolls
 c - a scroll of fog
 d - a scroll of magic mapping
 e - a scroll of fear
 i - a scroll of vulnerability {unknown}
 l - a scroll of identify {unknown}
Potions
 f - a potion of haste
 h - a potion of mutation {unknown}


   Skills:
 + Level 6.6 Fighting
 + Level 1.4 Short Blades
 + Level 1.4 Long Blades
 + Level 1.4 Axes
 + Level 1.4 Maces & Flails
 + Level 4.7 Polearms
 + Level 1.4 Staves
 + Level 1.4 Ranged Weapons
 + Level 1.4 Throwing
 + Level 1.4 Armour
 + Level 4.7 Dodging
 + Level 9.6 Stealth
 + Level 1.4 Shields
 + Level 1.4 Unarmed Combat
 + Level 1.4 Spellcasting
 + Level 1.1 Conjurations
 + Level 1.1 Hexes
 + Level 1.1 Summonings
 + Level 1.1 Necromancy
 + Level 1.1 Translocations
 + Level 1.1 Transmutations
 + Level 1.1 Fire Magic
 + Level 1.1 Ice Magic
 + Level 1.1 Air Magic
 + Level 1.1 Earth Magic
 + Level 1.1 Poison Magic
 + Level 1.5 Invocations
 + Level 1.4 Evocations


You had 6 spell levels left.
You didn't know any spells.
Your spell library was empty.

Dungeon Overview and Level Annotations

Branches:
Dungeon (5/15)
 Temple: D:4-7

Altars:

Annotations:
D:4 2 transporters, Blork the orc; xian's ghost, amateur DsVM


Innate Abilities, Weirdness & Mutations

You have very sharp teeth.
Your uncanny sense of smell can sniff out nearby items.
Your experience applies equally to all skills.


Message History

Aim: a gnoll, wielding a +0 whip (heavily wounded, 61% to hit)
You shoot a bolt. The bolt hits the gnoll!
You kill the gnoll!
You have reached level 5!
Fire: k) +0 arbalest
Press: ? - help, Q - select action Shift-Dir - straight line, f - Blork the orc
Aim: Blork the orc, wielding a +0 long sword and wearing a +0 robe (lightly wounded, 61% to hit)
You shoot a bolt. The bolt hits Blork the orc!!
Blork the orc is almost dead.
Blork the orc points at you and mumbles some strange words.
The puff of frost hits you.
Blork the orc gestures at you while chanting.
The puff of flame hits you.
* * * LOW HITPOINT WARNING * * *
Fire: k) +0 arbalest
Press: ? - help, Q - select action Shift-Dir - straight line, f/p - Blork the orc
Aim: Blork the orc, wielding a +0 long sword and wearing a +0 robe (almost dead, 61% to hit)
You shoot a bolt. The bolt barely misses Blork the orc.
Blork the orc casts a spell.
Blork the orc seems to speed up.
Blork the orc casts a spell at you. The puff of flame misses you.
Fire: k) +0 arbalest
Press: ? - help, Q - select action Shift-Dir - straight line, f/p - Blork the orc
Aim: Blork the orc, wielding a +0 long sword and wearing a +0 robe (almost dead, fast, 61% to hit)
You shoot a bolt. The bolt barely misses Blork the orc.
Blork the orc drinks a potion.
Blork the orc is healed!
Blork the orc hits you with a +0 long sword.
* * * LOW HITPOINT WARNING * * *
Unknown command.
Fire: k) +0 arbalest
Press: ? - help, Q - select action Shift-Dir - straight line, f/p - Blork the orc
Aim: Blork the orc, wielding a +0 long sword and wearing a +0 robe (lightly wounded, fast, 61% to hit)
You shoot a bolt. The bolt hits Blork the orc.
Blork the orc is moderately wounded.
Blork the orc closely misses you.
Blork the orc hits you with a +0 long sword.
* * * LOW HITPOINT WARNING * * *
Blork the orc hits you with a +0 long sword.
You die...

#.##... ...#.##.#
######## #../....
.......# ###o..# .
≈≈≈≈≈≈.# #.....##.
≈≈≈≈≈≈.# #s###...#
####≈≈.# #.# #.#.#
g#g#≈≈.# #.###.#.#
...#≈≈.# #.....o@#
.###≈≈.###.#######
.#8.≈≈...#.#
.##.≈≈.#...#
.#.~~.###.#
.##.≈≈.# #.#
.#8.≈≈.# #.#
.###≈≈.# #.#
...#≈≈.# #.#


You could see Blork the orc (fast).

Vanquished Creatures
  A scorpion (D:4)
  An orc wizard (D:4)
  A gnoll (D:4)
  2 adders (D:4)
  2 orcs (D:4)
  A giant cockroach (D:4)
  A goblin (D:4)
  A kobold (D:4)
10 creatures vanquished.

Notes
Turn   | Place    | Note
-------+----------+-------------------------------------------
     0 | D:5      | Reached skill level 9 in Stealth
     0 | D:5      | leafyfresh the Gnoll Delver began the quest for the Orb.
     0 | D:5      | Reached XP level 1. HP: 23/23 MP: 1/1
    19 | D:4      | Noticed an orc wizard
   116 | D:4      | Reached XP level 2. HP: 29/29 MP: 2/2
   141 | D:4      | Reached skill level 1 in Invocations
   141 | D:4      | Reached XP level 3. HP: 11/35 MP: 2/4
   415 | D:4      | Found the +1 Delatra's gloves {ID++}
   421 | D:4      | Found a transporter.
   453 | D:4      | Reached skill level 1 in Short Blades
   453 | D:4      | Reached skill level 1 in Long Blades
   453 | D:4      | Reached skill level 1 in Axes
   453 | D:4      | Reached skill level 1 in Maces & Flails
   453 | D:4      | Reached skill level 1 in Staves
   453 | D:4      | Reached skill level 1 in Ranged Weapons
   453 | D:4      | Reached skill level 1 in Throwing
   453 | D:4      | Reached skill level 1 in Armour
   453 | D:4      | Reached skill level 1 in Shields
   453 | D:4      | Reached skill level 1 in Unarmed Combat
   453 | D:4      | Reached skill level 1 in Spellcasting
   453 | D:4      | Reached skill level 1 in Evocations
   518 | D:4      | Identified the +0 scale mail of the Grue {Regen+ Stlth+}
   518 | D:4      | Noticed a gnoll sergeant
   538 | D:4      | Found a transporter.
   548 | D:4      | Noticed xian's ghost (amateur DsVM)
   591 | D:4      | Noticed Blork the orc
   592 | D:4      | Noticed a scorpion
   606 | D:5      | Noticed a scorpion
   607 | D:5      | Noticed a sky beast
   608 | D:5      | Noticed a kobold brigand
   611 | D:4      | Killed a scorpion
   612 | D:4      | Reached skill level 1 in Conjurations
   612 | D:4      | Reached skill level 1 in Hexes
   612 | D:4      | Reached skill level 1 in Summonings
   612 | D:4      | Reached skill level 1 in Necromancy
   612 | D:4      | Reached skill level 1 in Translocations
   612 | D:4      | Reached skill level 1 in Transmutations
   612 | D:4      | Reached skill level 1 in Fire Magic
   612 | D:4      | Reached skill level 1 in Ice Magic
   612 | D:4      | Reached skill level 1 in Air Magic
   612 | D:4      | Reached skill level 1 in Earth Magic
   612 | D:4      | Reached skill level 1 in Poison Magic
   612 | D:4      | Reached XP level 4. HP: 18/41 MP: 5/5
   614 | D:4      | Reached XP level 5. HP: 22/47 MP: 5/7
   617 | D:4      | Slain by Blork the orc

Illustrated notes

Levels and vault maps discovered:
D:4:      layout_basic, gammafunk_ghost_gnarly_gnolls, minmay_rat_hole,
          uniq_blork_the_orc
D:5:      layout_rooms, ashenzari_altar_1, jmf_multi_god_temple,
          wad_floor_pattern_2, nicolae_grassy_gnolls, uniq_ijyb

Skill      XL: |  1  2  3 |
---------------+----------+-----
Stealth        | |  9.6
Invocations    | 1 |  1.5
Short Blades   | 1 |  1.4
Long Blades    | 1 |  1.4
Axes           | 1 |  1.4
Maces & Flails | 1 |  1.4
Staves         | 1 |  1.4
Ranged Weapons | 1 |  1.4
Throwing       | 1 |  1.4
Armour         | 1 |  1.4
Shields        | 1 |  1.4
Unarmed Combat | 1 |  1.4
Spellcasting   | 1 |  1.4
Evocations     | 1 |  1.4
Conjurations   | 1 |  1.1
Hexes          | 1 |  1.1
Summonings     | 1 |  1.1
Necromancy     | 1 |  1.1
Translocations | 1 |  1.1
Transmutations | 1 |  1.1
Fire Magic     | 1 |  1.1
Ice Magic      | 1 |  1.1
Air Magic      | 1 |  1.1
Earth Magic    | 1 |  1.1
Poison Magic   | 1 |  1.1
Fighting       | |  6.6
Polearms       | |  4.7
Dodging        | |  4.7

Action                   |  1- 3 |  4- 6 || total
-------------------------+-------+-------++-------
Melee: Spear             |    45 |       ||    45
       Bite              |     3 |       ||     3
       Punch             |     1 |       ||     1
 Fire: Arbalest          |     4 |     6 ||    10
 Stab: Sleeping          |     1 |       ||     1
Armor: Leather armour    |     5 |       ||     5
Dodge: Dodged            |    28 |     4 ||    32
